 Dungeon Crawl Stone Soup version 0.26-a0-651-gb41185065b (webtiles) character file.

Game seed: 16720342784055364676

31867 Gargoyl the Fighter (level 13, -4/107 HPs)
             Began as a Gnoll Abyssal Knight on Sept 30, 2020.
             Was the Champion of Lugonu.
             Slain by a komodo dragon (17 damage)
             ... on level 6 of the Lair of Beasts.
             The game lasted 00:21:30 (18691 turns).

Gargoyl the Fighter (Gnoll Abyssal Knight)         Turns: 18691, Time: 00:21:30

Health: -4/107     AC: 13    Str: 21    XL:     13   Next: 60%
Magic:  25/25      EV: 22    Int: 15    God:    Lugonu [******]
Gold:   958        SH:  0    Dex: 16    Spells: 28/28 levels left

rFire    + . .     SeeInvis .   u - +5 hand axe (distort)
rCold    . . .     Faith    .   (no shield)
rNeg     . . .     Spirit   .   n - +2 leather armour of Kulyshey {Str+3}
rPois    +         Reflect  .   (no helmet)
rElec    .         Harm     .   (no cloak)
rCorr    .         Rampage  .   o - +1 pair of gloves
MR       .....                  d - +2 pair of boots
Stlth    ++++......             g - amulet of the acrobat
HPRegen  0.27/turn              c - +4 ring of evasion
MPRegen  0.19/turn              i - ring of protection from fire

@: berserk cooldown, slowed, very slow
A: distributed training, claws 1, fangs 1, rugged brown scales 1, poison
resistance, strong nose
a: Depart the Abyss, Bend Space, Banish, Corrupt, Enter the Abyss, Brand Weapon
With Distortion, Renounce Religion


You were on level 6 of the Lair of Beasts.
You worshipped Lugonu.
Lugonu was exalted by your worship.
You visited 2 branches of the dungeon, and saw 16 of its levels.
You visited the Abyss 1 time.

You collected 958 gold pieces.

Inventory:

Hand Weapons
 a - a +1 hand axe
 u - a +5 hand axe of distortion (weapon)
Armour
 d - a +2 pair of boots (worn)
 n - the +2 leather armour of Kulyshey (worn) {Str+3}
   (You found it on level 5 of the Dungeon)

   It affects your strength (+3).
 o - a +1 pair of gloves (worn)
Jewellery
 b - an uncursed ring of protection from cold
 c - a +4 ring of evasion (left hand)
 g - an amulet of the acrobat (around neck)
 i - a ring of protection from fire (right hand)
 j - an uncursed ring of see invisible
 w - an uncursed amulet of regeneration
 A - an uncursed ring of positive energy
 I - an uncursed amulet of reflection
 L - an uncursed ring of flight
Wands
 f - a wand of random effects (41)
 y - a wand of digging (17)
 B - a wand of paralysis (14)
 D - a wand of flame (17)
Scrolls
 s - 2 scrolls of identify
 t - 3 scrolls of blinking
 v - a scroll of teleportation
 E - 2 scrolls of magic mapping
 F - 2 scrolls of fear
 G - 5 scrolls of remove curse
Potions
 e - 4 potions of flight
 h - 3 potions of mutation
 k - 3 potions of curing
 l - 5 potions of heal wounds
 m - a potion of berserk rage
 p - 4 potions of haste
 q - a potion of resistance
 r - a potion of might
 x - 2 potions of stabbing
 z - a potion of cancellation
 H - a potion of brilliance
 J - a potion of invisibility


   Skills:
 + Level 10.6 Fighting
 + Level 8.4 Short Blades
 + Level 8.4 Long Blades
 + Level 9.6 Axes
 + Level 8.4 Maces & Flails
 + Level 8.4 Polearms
 + Level 8.4 Staves
 + Level 8.4 Slings
 + Level 8.4 Bows
 + Level 8.4 Crossbows
 + Level 8.4 Throwing
 + Level 9.6 Armour
 + Level 8.9 Dodging
 + Level 8.4 Stealth
 + Level 8.4 Shields
 + Level 8.4 Unarmed Combat
 + Level 8.4 Spellcasting
 + Level 7.0 Conjurations
 + Level 7.0 Hexes
 + Level 7.0 Summonings
 + Level 7.0 Necromancy
 + Level 7.0 Translocations
 + Level 7.0 Transmutations
 + Level 7.0 Fire Magic
 + Level 7.0 Ice Magic
 + Level 7.0 Air Magic
 + Level 7.0 Earth Magic
 + Level 7.0 Poison Magic
 + Level 10.3 Invocations
 + Level 8.4 Evocations


You had 28 spell levels left.
You didn't know any spells.
Your spell library contained the following spells:

 Spells                   Type           Power        Failure   Level
 Corona                   Hex            ####...      1%          1
 Freeze                   Ice            ####         1%          1
 Sandblast                Erth           ####..       1%          1
 Ensorcelled Hibernation  Hex/Ice        ####..       1%          2
 Passwall                 Tmut/Erth      ####....     1%          2
 Poisonous Vapours        Pois/Air       ####..       1%          2
 Confusing Touch          Hex            ####....     1%          3
 Conjure Flame            Conj/Fire      ####....     1%          3
 Dazzling Flash           Conj/Hex       ####..       1%          3
 Frozen Ramparts          Ice            ####..       1%          3
 Gell's Gravitas          Tloc           ####......   1%          3
 Mephitic Cloud           Conj/Pois/Air  ####....     1%          3
 Ozocubu's Armour         Ice            ####....     1%          3
 Stone Arrow              Conj/Erth      ####..       1%          3
 Tukima's Dance           Hex            ####....     1%          3
 Hailstorm                Conj/Ice       ####....     7%          4
 Petrify                  Tmut/Erth      ####....     7%          4
 Summon Ice Beast         Ice/Summ       ####....     7%          4
 Lee's Rapid Deconstruct  Erth           ####......   19%         5
 Metabolic Englaciation   Hex/Ice        ####......   19%         5
 Yara's Violent Unravell  Hex/Tmut       ####......   19%         5
 Freezing Cloud           Conj/Ice/Air   ####......   71%         6


Dungeon Overview and Level Annotations

Branches:
Dungeon (10/15)            Temple (0/1) D:6            Lair (6/6) D:10
 Shoals (0/4) Lair:4        Snake (0/4) Lair:3        Slime (0/5) Lair:5
    Orc: D:9-12

Altars:
Ashenzari
Cheibriados
Dithmenos
Kikubaaqudgha
Makhleb
Nemelex Xobeh
Okawaru
Qazlal
Ru
Sif Muna
Uskayaw
Vehumet
Wu Jian
Yredelemnul
Zin
The Shining One

Annotations:
Abyss:1 Fannar


Innate Abilities, Weirdness & Mutations

Your experience applies equally to all skills.
You have very sharp teeth.
Your uncanny sense of smell can sniff out nearby items.
You have sharp fingernails.
You are partially covered in rugged brown scales. (AC +1, +3% HP)
Your system is resistant to poisons. (rPois)


Message History

You completely miss the komodo dragon. The komodo dragon misses you.
The komodo dragon barely misses you.
You hit the komodo dragon but do no damage.
Space bends around the komodo dragon.
The komodo dragon is lightly wounded.
You feel sick.
You are no longer poisoned.
The komodo dragon misses you.
You hit the komodo dragon.
Space warps horribly around the komodo dragon!
You bite the komodo dragon.
The komodo dragon is heavily wounded.
The komodo dragon bites you!!
* * * LOW HITPOINT WARNING * * *
You hit the komodo dragon.
Space bends around the komodo dragon.
The komodo dragon is severely wounded.
The komodo dragon bites you!
* * * LOW HITPOINT WARNING * * *
The komodo dragon bites you!
You die...

...............#..
.................. ...
#?....#...........
...##....#.P..........
...........P..#.......
............P.=.......
..............l.......
..............@.......
.....................P
.......†...†..........
......................
..................P.#.
.......†..............
..[.##................
.P..#................#
....................


You could see a komodo dragon.

Vanquished Creatures
  A two-headed ogre (D:9)
  A death yak (Lair:4)
  The ghost of Migumi the Ruffian, a novice TrMo of Yredelemnul (D:6)
  The ghost of thethe the Chopper, a novice DDFi of Makhleb (D:6)
  The ghost of martbhell the Shooter, a novice MiHu (D:6)
  An orange crystal statue (Lair:4)
  An oklob plant (Lair:5)
  2 black mambas
  The ghost of YoungGLord the Digger, a novice GrEE (D:6)
  6 cane toads
  2 komodo dragons
  A rime drake (Lair:6)
  A polar bear (Lair:6)
  8 blink frogs (Lair:5)
  A hornet (Lair:6)
  4 dream sheep (Lair:4)
  5 hippogriffs
  Sigmund (D:4)
  8 yaks
  2 basilisks
  4 water moccasins
  Duvessa (D:4)
  10 porcupines
  3 sky beasts
  4 phantoms
  A black bear (D:10)
  A necrophage (D:10)
  3 ice beasts
  6 ogres
  A wolf (Lair:2)
  7 centaurs
  6 crocodiles
  Blork the orc (D:4)
  11 bullfrogs
  Dowan (D:4)
  A water moccasin zombie (D:6)
  7 scorpions
  A wyvern skeleton (D:8)
  17 killer bees
  3 howler monkeys
  3 electric eels (D:8)
  A crimson imp (D:5)
  3 hounds
  A centaur zombie (D:7)
  5 orc priests
  17 jellies
  4 orc wizards
  2 iguanas (D:9)
  A centaur skeleton (D:9)
  A gnoll shaman (D:10)
  9 worker ants
  Natasha (thrice) (D:3)
  A killer bee zombie (D:6)
  2 hound skeletons
  2 gnolls (D:10)
  3 adders
  3 shadow imps
  2 white imps
  2 ufetubi
  An ooze (Lair:5)
  An adder skeleton (D:4)
  A worm (D:2)
  2 dart slugs
  5 leopard geckos
  24 orcs
  3 ball pythons
  6 giant cockroaches
  10 goblins
  4 hobgoblins
  2 jackals (D:8)
  A quokka (D:4)
  6 bats
  6 frilled lizards
  A jackal skeleton (D:9)
  8 kobolds
  2 leopard gecko skeletons
  7 rats
293 creatures vanquished.

Vanquished Creatures (others)
  An orc wizard (D:6)
  46 fungi
  41 plants
88 creatures vanquished.

Grand Total: 381 creatures vanquished

Notes
Turn   | Place    | Note
-------+----------+-------------------------------------------
     0 | Abyss:1  | Gargoyl the Gnoll Abyssal Knight began the quest for the
                  | Orb.
     0 | Abyss:1  | Reached XP level 1. HP: 23/23 MP: 3/3
    45 | Abyss:1  | Noticed an ancient zyme
    51 | Abyss:1  | Noticed an ancient zyme
    51 | Abyss:1  | Noticed a small abomination
    58 | Abyss:1  | Found a corrupted altar of Lugonu.
   231 | Abyss:1  | Noticed a worldbinder
   237 | Abyss:1  | Noticed a tarantella
   237 | Abyss:1  | Noticed a jumping spider
   237 | Abyss:1  | Noticed a jumping spider
   237 | D:1      | Escaped the Abyss
   480 | D:1      | Reached * piety under Lugonu
   574 | D:1      | Reached XP level 2. HP: 29/29 MP: 5/5
  1202 | D:1      | Reached XP level 3. HP: 35/35 MP: 6/6
  2088 | D:3      | Noticed Natasha
  2101 | D:3      | Killed Natasha
  2101 | D:3      | Reached ** piety under Lugonu
  2101 | D:3      | Reached skill level 1 in Short Blades
  2101 | D:3      | Reached skill level 1 in Long Blades
  2101 | D:3      | Reached skill level 1 in Maces & Flails
  2101 | D:3      | Reached skill level 1 in Polearms
  2101 | D:3      | Reached skill level 1 in Staves
  2101 | D:3      | Reached skill level 1 in Slings
  2101 | D:3      | Reached skill level 1 in Bows
  2101 | D:3      | Reached skill level 1 in Crossbows
  2101 | D:3      | Reached skill level 1 in Throwing
  2101 | D:3      | Reached skill level 1 in Stealth
  2101 | D:3      | Reached skill level 1 in Shields
  2101 | D:3      | Reached skill level 1 in Unarmed Combat
  2101 | D:3      | Reached skill level 1 in Spellcasting
  2101 | D:3      | Reached skill level 1 in Evocations
  2101 | D:3      | Reached XP level 4. HP: 4/41 MP: 7/7
  2431 | D:3      | Found a sacrificial altar of Ru.
  2441 | D:3      | Reached skill level 1 in Conjurations
  2441 | D:3      | Reached skill level 1 in Hexes
  2441 | D:3      | Reached skill level 1 in Summonings
  2441 | D:3      | Reached skill level 1 in Necromancy
  2441 | D:3      | Reached skill level 1 in Translocations
  2441 | D:3      | Reached skill level 1 in Transmutations
  2441 | D:3      | Reached skill level 1 in Fire Magic
  2441 | D:3      | Reached skill level 1 in Ice Magic
  2441 | D:3      | Reached skill level 1 in Air Magic
  2441 | D:3      | Reached skill level 1 in Earth Magic
  2441 | D:3      | Reached skill level 1 in Poison Magic
  2636 | D:3      | Noticed Natasha
  2646 | D:3      | Killed Natasha
  2646 | D:3      | Reached XP level 5. HP: 33/47 MP: 8/8
  3091 | D:3      | Noticed Natasha
  3105 | D:3      | Killed Natasha
  3564 | D:4      | Noticed Dowan
  3566 | D:4      | Noticed an ogre
  3566 | D:4      | Noticed Blork the orc
  3567 | D:4      | Noticed Duvessa
  3611 | D:4      | Killed Duvessa
  3611 | D:4      | Reached skill level 5 in Axes
  3611 | D:4      | Reached skill level 5 in Armour
  3611 | D:4      | Reached skill level 5 in Invocations
  3611 | D:4      | Reached XP level 6. HP: 53/53 MP: 9/9
  3615 | D:4      | Killed Blork the orc
  3620 | D:4      | Reached XP level 7. HP: 59/59 MP: 10/10
  3629 | D:4      | Killed Dowan
  3836 | D:4      | Noticed Sigmund
  3855 | D:4      | Killed Sigmund
  3876 | D:4      | Found a sparkling altar of Nemelex Xobeh.
  3876 | D:4      | Found a hide-covered altar of Uskayaw.
  3877 | D:4      | Found an iron altar of Okawaru.
  3883 | D:4      | Found a stormy altar of Qazlal.
  3884 | D:4      | Found a glowing golden altar of the Shining One.
  4421 | D:5      | Entered Level 5 of the Dungeon
  4429 | D:5      | Got a shimmering leather armour
  4460 | D:5      | Identified the +2 leather armour of Kulyshey {Str+3} (You
                  | found it on level 5 of the Dungeon)
  4506 | D:5      | Reached XP level 8. HP: 54/67 MP: 12/12
  4630 | D:5      | Found a shadowy altar of Dithmenos.
  4896 | D:5      | Found a radiant altar of Vehumet.
  4897 | D:5      | Found a burning altar of Makhleb.
  5146 | D:5      | Reached *** piety under Lugonu
  5625 | D:6      | Gained mutation: Your system is resistant to poisons.
                  | (rPois) [potion of mutation]
  5625 | D:6      | Gained mutation: You are partially covered in rugged brown
                  | scales. (AC +1, +3% HP) [potion of mutation]
  5625 | D:6      | Gained mutation: You have sharp fingernails. [potion of
                  | mutation]
  5904 | D:6      | Reached XP level 9. HP: 74/74 MP: 14/14
  6270 | D:6      | Found a staircase to the Ecumenical Temple.
  6537 | D:6      | Found a runed translucent gate.
  6537 | D:6      | Found a runed translucent gate.
  6537 | D:6      | Noticed Migumi's ghost (novice TrMo)
  6537 | D:6      | Noticed YoungGLord's ghost (novice GrEE)
  6560 | D:6      | Found a runed translucent gate.
  6560 | D:6      | Noticed thethe's ghost (novice DDFi)
  6560 | D:6      | Noticed martbhell's ghost (novice MiHu)
  6579 | D:6      | Killed martbhell's ghost
  6579 | D:6      | Reached skill level 5 in Dodging
  6583 | D:6      | Killed Migumi's ghost
  6877 | D:6      | Killed thethe's ghost
  6877 | D:6      | Reached XP level 10. HP: 64/82 MP: 15/17
  6897 | D:6      | Killed YoungGLord's ghost
  6897 | D:6      | Reached skill level 5 in Short Blades
  6897 | D:6      | Reached skill level 5 in Long Blades
  6897 | D:6      | Reached skill level 5 in Maces & Flails
  6897 | D:6      | Reached skill level 5 in Polearms
  6897 | D:6      | Reached skill level 5 in Staves
  6897 | D:6      | Reached skill level 5 in Slings
  6897 | D:6      | Reached skill level 5 in Bows
  6897 | D:6      | Reached skill level 5 in Crossbows
  6897 | D:6      | Reached skill level 5 in Throwing
  6897 | D:6      | Reached skill level 5 in Stealth
  6897 | D:6      | Reached skill level 5 in Shields
  6897 | D:6      | Reached skill level 5 in Unarmed Combat
  6897 | D:6      | Reached skill level 5 in Spellcasting
  6897 | D:6      | Reached skill level 5 in Evocations
  7106 | D:7      | Reached **** piety under Lugonu
  7136 | D:7      | Found a shimmering blue altar of Sif Muna.
  7471 | D:7      | Found a glowing silver altar of Zin.
  8127 | D:8      | Reached ***** piety under Lugonu
  8842 | D:9      | Reached XP level 11. HP: 63/89 MP: 19/19
  8975 | D:9      | Found a broken altar of Ashenzari.
  9090 | D:9      | Found a snail-covered altar of Cheibriados.
  9091 | D:9      | Found an ornate altar of the Wu Jian Council.
  9091 | D:9      | Found an ancient bone altar of Kikubaaqudgha.
  9092 | D:9      | Found a basalt altar of Yredelemnul.
  9201 | D:9      | Noticed a two-headed ogre
  9216 | D:9      | Killed a two-headed ogre
  9216 | D:9      | Reached skill level 5 in Conjurations
  9216 | D:9      | Reached skill level 5 in Hexes
  9216 | D:9      | Reached skill level 5 in Summonings
  9216 | D:9      | Reached skill level 5 in Necromancy
  9216 | D:9      | Reached skill level 5 in Translocations
  9216 | D:9      | Reached skill level 5 in Transmutations
  9216 | D:9      | Reached skill level 5 in Fire Magic
  9216 | D:9      | Reached skill level 5 in Ice Magic
  9216 | D:9      | Reached skill level 5 in Air Magic
  9216 | D:9      | Reached skill level 5 in Earth Magic
  9216 | D:9      | Reached skill level 5 in Poison Magic
  9438 | D:9      | Got an ichor-stained leather armour
  9449 | D:9      | Identified the cursed +0 leather armour of Keacicw {*Slow
                  | rC+ Dex+7} (You found it on level 9 of the Dungeon)
  9751 | D:10     | Entered Level 10 of the Dungeon
  9874 | D:10     | Noticed Fannar
  9882 | D:10     | Banished an unseen horror
  9888 | D:10     | Banished Fannar
 10259 | D:10     | Found a staircase to the Lair.
 10538 | Lair:1   | Entered Level 1 of the Lair of Beasts
 11804 | Lair:2   | Reached XP level 12. HP: 98/98 MP: 22/22
 12099 | Lair:2   | Noticed an eight-headed hydra
 12106 | Lair:2   | Banished an eight-headed hydra
 13302 | Lair:3   | Noticed a five-headed hydra
 13306 | Lair:3   | Banished a seven-headed hydra
 13736 | Lair:3   | Noticed a four-headed hydra
 13738 | Lair:3   | Banished a four-headed hydra
 13870 | Lair:3   | Found a staircase to the Snake Pit.
 14222 | Lair:4   | Found a staircase to the Shoals.
 14432 | Lair:4   | Noticed a death yak
 14432 | Lair:4   | Noticed a death yak
 14433 | Lair:4   | Noticed a death yak
 14433 | Lair:4   | Noticed a death yak
 14433 | Lair:4   | Noticed a death yak
 14444 | Lair:4   | Noticed a death yak
 14447 | Lair:3   | Banished a death yak
 14447 | Lair:3   | Reached skill level 10 in Fighting
 14467 | Lair:3   | Banished a death yak
 15640 | Lair:4   | Banished a death yak
 15641 | Lair:4   | Killed a death yak
 15641 | Lair:4   | Reached XP level 13. HP: 37/106 MP: 24/24
 16893 | Lair:5   | Found a staircase to the Slime Pits.
 17115 | Lair:5   | Reached skill level 10 in Invocations
 18455 | Lair:6   | Entered Level 6 of the Lair of Beasts
 18502 | Lair:6   | Reached ****** piety under Lugonu
 18691 | Lair:6   | Slain by a komodo dragon

Illustrated notes

Levels and vault maps discovered:
D:1:      dpeg_arrival_three_same_balls, layout_basic, serial_rivers,
          chequers_serial_rivers_marsh, chequers_serial_rivers_micro_e,
          chequers_serial_rivers_large_a, chequers_serial_rivers_micro_a,
          item_on_display_b
D:2:      layout_loops_ring, amethyst_killhole
D:3:      layout_basic, kennysheep_another_room,
          nicolae_ru_great_annihilating_truth, uniq_natasha
D:4:      layout_cave_pods, grunt_temple_overflow_open, uniq_sigmund,
          uniq_duvessa, uniq_blork_the_orc
D:5:      layout_gridville, grunt_temple_overflow_lords_of_destruction,
          nicolae_dithmenos_through_a_glass_darkly
D:6:      layout_rooms, minmay_temple_entry_glass, gammafunk_ghost_cemetery
D:7:      layout_basic, nicolae_overflow_hidden_temple,
          nicolae_overflow_crystal_walls
D:8:      layout_cave_pools, kennysheep_cluttered_room
D:9:      layout_irregular_city, chequers_temple_overflow_statue_of_worship,
          cheibrodos_ashenzari_chains
D:10:     layout_irregular_city, due_lair_maze_entry_diamond, uniq_fannar
Lair:1:   layout_roguey, lemuel_fruit_tree, grunt_megastairs_3
Lair:2:   layout_loops_ring
Lair:3:   layout_regular_city, guppyfry_snake_entry_island
Lair:4:   layout_cellular_growth, minmay_shoals_entry_centaurs, disabler_island,
          serial_bayou_shore_b
Lair:5:   layout_cave_pods, minmay_slime_entry_jelly_boxes
Lair:6:   hangedman_lair_tendril_chambers, layout_hall_layers, special_room
          [special_room_bee], basic_altar

Skill      XL: |  1  2  3  4  5  6  7  8  9 10 11 12 13 |
---------------+----------------------------------------+-----
Short Blades   | 1 2 3 4 5 6 7 8 |  8.4
Long Blades    | 1 2 3 4 5 6 7 8 |  8.4
Maces & Flails | 1 2 3 4 5 6 7 8 |  8.4
Polearms       | 1 2 3 4 5 6 7 8 |  8.4
Staves         | 1 2 3 4 5 6 7 8 |  8.4
Slings         | 1 2 3 4 5 6 7 8 |  8.4
Bows           | 1 2 3 4 5 6 7 8 |  8.4
Crossbows      | 1 2 3 4 5 6 7 8 |  8.4
Throwing       | 1 2 3 4 5 6 7 8 |  8.4
Stealth        | 1 2 3 4 5 6 7 8 |  8.4
Shields        | 1 2 3 4 5 6 7 8 |  8.4
Unarmed Combat | 1 2 3 4 5 6 7 8 |  8.4
Spellcasting   | 1 2 3 4 5 6 7 8 |  8.4
Evocations     | 1 2 3 4 5 6 7 8 |  8.4
Conjurations   | 1 2 3 4 5 6 7 |  7.0
Hexes          | 1 2 3 4 5 6 7 |  7.0
Summonings     | 1 2 3 4 5 6 7 |  7.0
Necromancy     | 1 2 3 4 5 6 7 |  7.0
Translocations | 1 2 3 4 5 6 7 |  7.0
Transmutations | 1 2 3 4 5 6 7 |  7.0
Fire Magic     | 1 2 3 4 5 6 7 |  7.0
Ice Magic      | 1 2 3 4 5 6 7 |  7.0
Air Magic      | 1 2 3 4 5 6 7 |  7.0
Earth Magic    | 1 2 3 4 5 6 7 |  7.0
Poison Magic   | 1 2 3 4 5 6 7 |  7.0
Dodging        | 3 4 5 6 7 8 |  8.9
Axes           | 5 6 7 8 9 |  9.6
Armour         | 5 6 7 8 9 |  9.6
Invocations    | 5 6 7 8 9 10 | 10.3
Fighting       | 7 8 9 10 | 10.6

Action                   |  1- 3 |  4- 6 |  7- 9 | 10-12 | 13-15 || total
-------------------------+-------+-------+-------+-------+-------++-------
Melee: Hand axe          |    94 |    95 |   304 |   448 |   219 ||  1160
       Bite              |     7 |    13 |    53 |    56 |    40 ||   169
       Punch             |       |     1 |     7 |    10 |     7 ||    25
Invok: Depart the Abyss  |     1 |       |       |       |       ||     1
       Banish            |       |       |       |     3 |     1 ||     4
  Use: Scroll            |     1 |     4 |    10 |    17 |     6 ||    38
       Potion            |     1 |     2 |     2 |       |     3 ||     8
 Stab: Paralysed         |       |     1 |       |       |       ||     1
       Invisible         |       |       |     6 |       |       ||     6
       Sleeping          |       |       |     3 |    14 |     6 ||    23
       Distracted        |       |       |       |     3 |       ||     3
Armor: Leather armour    |     8 |       |    61 |    91 |    34 ||   194
       Ring mail         |    17 |    22 |     9 |       |       ||    48
       Skin              |     1 |    24 |     2 |       |       ||    27
Dodge: Dodged            |    93 |    86 |   276 |   560 |   250 ||  1265

Table legend: (Time is in decaauts)
 A = Elapsed time spent in this place.
 B = Non-inter-level travel time spent in this place.
 C = Inter-level travel time spent in this place.
 D = Time resting spent in this place.
 E = Time spent auto-exploring this place.
 F = Levels seen in this place.
 G = Mean time per level.
                   A        B        C        D        E       F      G
               +--------+--------+--------+--------+--------+-----+--------+
         Total |  18688 |  18167 |    521 |   5548 |   9204 |  17 | 1099.3 |
       Dungeon |  10341 |  10047 |    294 |   2371 |   5427 |  10 | 1034.1 |
          Lair |   8109 |   7882 |    227 |   3177 |   3575 |   6 | 1351.5 |
         Abyss |    236 |    236 |      0 |      0 |    201 |   1 |  236.0 |
               +--------+--------+--------+--------+--------+-----+--------+

Top non-repeatable levels by time:
  Lair:4: 1738 daAuts
  Lair:3: 1729 daAuts
  Lair:5: 1689 daAuts
  Lair:2: 1571 daAuts
     D:5: 1399 daAuts
     D:3: 1352 daAuts
     D:1: 1267 daAuts
     D:6: 1179 daAuts
  Lair:1: 1152 daAuts
     D:4: 1039 daAuts
     D:8: 1007 daAuts
     D:9: 954 daAuts
     D:7: 786 daAuts
    D:10: 779 daAuts
     D:2: 575 daAuts
